AoeStats
← francoit

Arabia

510006663Analyzed
1v1 RM · 2d ago on Sep 29, 2026· 79m 19s· 2 players
Game mode
Random Map
Map size
Tiny (2 player)
Population
200
Speed
Normal
Resources
Standard
Victory
Conquest
Starting age
Dark Age
Ending age
Imperial Age
RankedLock teamsTeams togetherTeam positionsShared explorationLock speedFull tech treeHidden civsTurbo modeCheats
Victory
Defeat
🇦🇷 Malians · Argentina
930
+16
🇲🇽 Danes · Mexico
928
-16
Rick [Thudor]
0:44 Loom
11:01 Feudal Age
11:32 Double-Bit Axe
11:30 Horse Collar
18:40 Wheelbarrow
18:05 Fletching
18:43 Forging
18:28 Man-at-Arms
23:59 Castle Age
23:02 Scale Mail Armor
25:21 Pikeman
26:54 Chain Mail Armor
26:48 Gambesons
27:07 Crossbowman
27:50 Town Watch
29:51 Heavy Plow
32:14 Padded Archer Armor
32:00 Long Swordsman
33:32 Scale Barding Armor
34:29 Stone Mining
34:33 Gold Mining
36:17 Iron Casting
38:37 Hand Cart
43:20 Imperial Age
44:46 Capped Ram
47:20 Plate Mail Armor
47:50 Blast Furnace
47:07 Leather Archer Armor
48:11 Two-Handed Swordsman
50:36 Squires
51:16 Halberdier
53:29 Conscription
53:42 Thumb Ring
54:03 Bodkin Arrow
53:56 Elite Skirmisher
62:19 Coinage
64:24 Bow Saw
66:36 Bracer
68:30 Champion
68:56 Arson
71:25 Stone Shaft Mining
73:28 Masonry
73:14 Murder Holes
75:35 Guard Tower
francoit
7:49 Loom
9:51 Feudal Age
18:14 Castle Age
17:31 Forging
18:35 Scale Barding Armor
20:12 Bloodlines
23:44 Chain Barding Armor
24:14 Husbandry
25:50 Iron Casting
30:57 Fletching
32:45 Padded Archer Armor
37:54 Imperial Age
34:50 Elite Skirmisher
38:14 Ballistics
46:48 Bodkin Arrow
47:34 Wheelbarrow
46:45 Town Watch
50:49 Farimba
53:22 Light Cavalry
54:40 Plate Barding Armor
57:33 Chemistry
59:46 Gold Mining
59:47 Stone Mining
60:45 Double-Bit Axe
61:18 Hand Cart
61:03 Town Patrol
61:34 Leather Archer Armor
65:14 Ring Archer Armor
67:52 Bow Saw
69:15 Horse Collar
77:52 Conscription
77:58 Cavalier
Connection lost

Rejoining the realm…

Still unreachable

The connection could not be restored.

Session expired

The server has moved on; the page needs a fresh start.